 Dungeon Crawl Stone Soup version 0.29-a0-1019-g84f7d21838 (webtiles) character file.

Game seed: 13334258297799268195

25829 leavemydog the Eclecticist (level 12, -12/75 HPs)
             Began as a Deep Elf Conjurer on Aug 10, 2022.
             Was a High Priest of Vehumet.
             Mangled by a boulder beetle (20 damage)
             ... on level 13 of the Dungeon.
             The game lasted 00:43:53 (20089 turns).

leavemydog the Eclecticist (Deep Elf Conjurer)     Turns: 20089, Time: 00:43:54

Health: -12/75     AC: 16    Str: 12    XL:     12   Next: 92%
Magic:  12/34      EV: 12    Int: 28    God:    Vehumet [*****.]
Gold:   1022       SH:  0    Dex: 12    Spells: 7/43 levels left

rFire   + + .      SeeInvis +   i - staff of fire
rCold   + . .      Faith    .   (no shield)
rNeg    . . .      Spirit   .   a - +1 robe {rC+}
rPois   .          Reflect  .   t - +0 helmet
rElec   .          Harm     .   u - +2 cloak of Uskayaw's Esteem {rF+ rCorr Str+4}
rCorr   +          Rampage  .   n - +2 pair of gloves
Will    ++...                   g - +1 pair of boots
Stlth   ++........              (no amulet)
HPRegen 0.22/turn               j - ring of willpower
MPRegen 0.24/turn               f - ring "Warosomm" {+Blink AC+4}

@: no status effects
A: see invisible, robust 1, strong 1
a: Renounce Religion, Evoke Blink


You were on level 13 of the Dungeon.
You worshipped Vehumet.
Vehumet was extremely pleased with you.
You visited 2 branches of the dungeon, and saw 14 of its levels.
You also visited: Ossuary.

You collected 1022 gold pieces.

Inventory:

Missiles
 y - a throwing net
Armour
 a - a +1 robe of cold resistance (worn)
 g - a +1 pair of boots (worn)
 n - a +2 pair of gloves (worn)
 t - a +0 helmet (worn)
 u - the +2 cloak of Uskayaw's Esteem (worn) {rF+ rCorr Str+4}
   (You found it on level 6 of the Dungeon)

   Str:       It affects your strength (+4).
   rF:        It protects you from fire.
   rCorr:     It protects you from acid and corrosion.
Magical Staves
 i - a staff of fire (weapon)
Jewellery
 f - the ring "Warosomm" (right hand) {+Blink AC+4}
   (You found it on level 5 of the Dungeon)

   [ring of protection]

   AC:        It affects your AC (+4).
   +Blink:    It lets you blink.
 j - a ring of willpower (left hand)
 P - a ring of ice
 Q - a ring of poison resistance
Wands
 w - a wand of flame (7)
 H - a wand of polymorph (8)
 I - a wand of mindburst (10)
Scrolls
 d - 4 scrolls of noise
 h - 2 scrolls of vulnerability
 m - a scroll of butterflies
 p - 3 scrolls of brand weapon
 q - a scroll of poison
 r - 3 scrolls of fear
 s - 9 scrolls of teleportation
 x - a scroll of blinking {unknown}
 A - a scroll of enchant weapon {unknown}
 E - a scroll of amnesia {unknown}
 J - a scroll of summoning {unknown}
 M - a scroll of silence {unknown}
 N - a scroll of magic mapping {unknown}
Potions
 b - 2 potions of magic
 c - 4 potions of haste
 e - 6 potions of curing
 k - 7 potions of flight
 l - 4 potions of might
 o - 4 potions of brilliance
 z - a potion of resistance {unknown}
 B - a potion of invisibility {unknown}
 C - a potion of experience {unknown}
 D - a potion of heal wounds {unknown}
 K - a potion of ambrosia {unknown}
 L - 3 potions of attraction {unknown}
 O - a potion of lignification {unknown}
Miscellaneous
 v - a piece from Xom's chessboard (15/15)
 F - a phial of floods
 G - a phial of floods


   Skills:
 * Level 5.8 Fighting
 + Level 0.6 Staves
 - Level 2.4 Dodging
 - Level 2.4 Stealth
 + Level 16.1 Spellcasting
 + Level 14.1 Conjurations
 - Level 4.5 Hexes
 - Level 7.0 Translocations
 + Level 1.0 Fire Magic
 * Level 9.5 Earth Magic


You had 7 spell levels left.
You knew the following spells:

 Your Spells              Type           Power      Damage    Failure   Level
a - Magic Dart            Conj           100%       1d8       0%          1
b - Searing Ray           Conj           100%       2d8       0%          2
c - Iskenderun's Mystic   Conj/Tloc      69%        2d14      1%          4
d - Fulminant Prism       Conj/Hex       33%        3d16      1%          4
e - Stone Arrow           Conj/Erth      100%       3d13      1%          3
f - Lehudib's Crystal Sp  Conj/Erth      36%        10d9      28%         8
g - Inner Flame           Hex/Fire       55%        N/A       1%          3
h - Iron Shot             Conj/Erth      36%        9d7       1%          6
i - Fireball              Conj/Fire      39%        3d16      1%          5

Your spell library contained the following spells:

 Spells                   Type           Power      Damage    Failure   Level
 Yara's Violent Unravell  Hex/Tmut       17%        3d8       7%          5
 Sandblast                Erth           100%       2d20      1%          1
 Slow                     Hex            100%       N/A       1%          1
 Passwall                 Tmut/Erth      40%        N/A       1%          2
 Poisonous Vapours        Pois/Air       44%        N/A       1%          2
 Static Discharge         Conj/Air       58%        3-11/arc  1%          2
 Confusing Touch          Hex            47%        N/A       1%          3
 Dazzling Flash           Conj/Hex       100%       N/A       1%          3
 Gell's Gravitas          Tloc           58%        N/A       1%          3
 Teleport Other           Tloc           58%        N/A       1%          3
 Sticky Flame             Conj/Fire      78%        2d9       1%          4
 Summon Small Mammal      Summ           88%        N/A       2%          1
 Summon Guardian Golem    Hex/Summ       35%        N/A       2%          3
 Animate Armour           Summ/Erth      98%        N/A       3%          4
 Starburst                Conj/Fire      39%        6d11      4%          6
 Call Canine Familiar     Summ           22%        N/A       6%          3
 Ozocubu's Armour         Ice            22%        N/A       6%          3
 Vampiric Draining        Necr           22%        2d7       6%          3
 Dispersal                Tloc           29%        N/A       19%         6
 Corpse Rot               Necr/Pois/Air  22%        N/A       22%         4
 Dispel Undead            Necr           22%        3d12      22%         4
 Metabolic Englaciation   Hex/Ice        17%        N/A       24%         5
 Simulacrum               Ice/Necr       11%        N/A       97%         6
 Ignition                 Fire           21%        3d8       100%        8


Dungeon Overview and Level Annotations

Branches:
Dungeon (13/15)            Temple (1/1) D:4            Lair (0/5) D:9
    Orc (0/2) D:9         Ossuary (visited)
 Vaults: D:13-14

Altars:
Ashenzari
Cheibriados
Dithmenos
Elyvilon
Fedhas
Gozag
Hepliaklqana
Kikubaaqudgha
Makhleb
Nemelex Xobeh
Okawaru
Qazlal
Ru
Sif Muna
Trog
Uskayaw
Vehumet
Wu Jian
Xom
Yredelemnul
Zin
The Shining One

Annotations:
D:2 Robin


Innate Abilities, Weirdness & Mutations

You have supernaturally acute eyesight. (SInv)
You are robust. (+10% HP)
Your muscles are strong. (Str +4, Int/Dex -1)


Message History

The boulder beetle curls into a ball and begins rolling!
The walls and floor vibrate strangely for a moment.
The boulder beetle closely misses you.
The boulder beetle stops rolling and uncurls.
The boulder beetle attacks as you move away!
The boulder beetle bites you.
Okay, then.
The boulder beetle curls into a ball and begins rolling!
The boulder beetle barely misses you.
The boulder beetle stops rolling and uncurls.
The boulder beetle attacks as you move away!
The boulder beetle bites you but does no damage.
As you read the scroll of butterflies, it crumbles to dust.
You hear the tinkle of a tiny bell.
The boulder beetle bites you!
* * * LOW HITPOINT WARNING * * *
You swap places.
The boulder beetle barely misses your butterfly.
You swap places.
The boulder beetle bites your butterfly!!
Your butterfly dies!
Your butterfly disappears in a burst of colours!
The boulder beetle barely misses your butterfly.
Something bites your butterfly!!
Your butterfly dies!
Your butterfly disappears in a burst of colours!
The boulder beetle curls into a ball and begins rolling!
The boulder beetle hits your butterfly!!!
Your butterfly dies!
Your butterfly disappears in a burst of colours!
The boulder beetle stops rolling and uncurls.
The boulder beetle curls into a ball and begins rolling!
The boulder beetle hits you!!
* * * LOW HITPOINT WARNING * * *
The boulder beetle stops rolling and uncurls.
As you read the scroll of butterflies, it crumbles to dust.
You hear the tinkle of a tiny bell.
The boulder beetle closely misses you.
You swap places.
The boulder beetle attacks as you move away!
The boulder beetle bites you!!
You die...

#.#.# #.#.#
#.#.# #.#.#
#.#.####.#.#
#.#......#.#
#.########.# #.#
#B# #b# #.#
###.# #.# #b@b#
#.#
###B##########.#
#.bb...........#
################


You could see a boulder beetle (ally target).

Vanquished Creatures
  2 boulder beetles (D:11)
  Fannar (D:12)
  A hydra (D:8)
  2 centaur warriors
  A two-headed ogre (D:8)
  The ghost of eyesofgods1 the Spear-Bearer, a novice DsGl of Gozag (D:9)
  3 death yaks
  A deep elf pyromancer (D:11)
  An ugly thing (D:11)
  2 cyclopes
  3 manticores
  Maurice (D:9)
  A gargoyle (D:13)
  2 kobold demonologists
  8 trolls
  The ghost of Tribosh the Shooter, an amateur BaHu (D:4)
  2 hornets
  A hornet (shapeshifter) (D:12)
  8 slime creatures
  Sigmund (D:2)
  2 shadows
  4 wyverns
  24 yaks
  3 vampires
  2 wraiths
  Menkaure (D:7)
  4 vampire mosquitoes
  2 acid dragons
  2 water moccasins (D:8)
  7 orc warriors
  A sky beast (D:7)
  2 ice beasts
  3 black bears
  4 ogres (D:9)
  4 centaurs
  5 kobold brigands
  4 gnoll sergeants
  3 bullfrogs
  2 necrophages
  A scorpion (D:5)
  5 wights
  6 killer bees (D:8)
  6 howler monkeys
  A vampire bat (D:11)
  A bullfrog zombie (D:4)
  A centaur zombie (D:4)
  7 jellies
  A lava snake (D:11)
  2 centaur skeletons (D:4)
  4 hounds
  2 gnoll boudas
  3 orc priests
  Jessica (D:2)
  4 iguanas
  14 orc wizards
  5 mummies (Ossuary)
  8 adders
  21 gnolls
  A shadow imp (D:7)
  A white imp (D:5)
  An ufetubus (D:6)
  3 dart slugs
  39 orcs
  14 endoplasms
  3 giant cockroaches
  8 goblins
  9 hobgoblins
  4 jackals
  A quokka (D:3)
  6 ball pythons
  13 bats
  A frilled lizard (D:1)
  3 gnoll zombies (Ossuary)
  33 kobolds
  2 kobold zombies (Ossuary)
  3 orc zombies (Ossuary)
  5 rats
  A butterfly (D:6)
366 creatures vanquished.

Vanquished Creatures (others)
  11 fulminant prisms
  7 fungi
  52 plants (D:4)
  9 toadstools (D:8)
79 creatures vanquished.

Grand Total: 445 creatures vanquished

Notes
Turn   | Place    | Note
-------+----------+-------------------------------------------
     0 | D:1      | leavemydog the Deep Elf Conjurer began the quest for the
                  | Orb.
     0 | D:1      | Reached XP level 1. HP: 10/10 MP: 6/6
    22 | D:1      | Reached XP level 2. HP: 15/15 MP: 4/8
    25 | D:1      | Learned a level 2 spell: Searing Ray
   276 | D:1      | Reached skill level 5 in Conjurations
  1199 | D:2      | Reached XP level 3. HP: 19/19 MP: 4/9
  1466 | D:2      | Noticed Jessica
  1476 | D:2      | Killed Jessica
  1600 | D:2      | Reached XP level 4. HP: 24/24 MP: 9/11
  1654 | D:2      | Learned a level 4 spell: Iskenderun's Mystic Blast
  1856 | D:2      | Found a faded altar of an unknown god.
  1978 | D:2      | Noticed Sigmund
  1986 | D:2      | Killed Sigmund
  1987 | D:2      | Reached skill level 4 in Spellcasting
  1987 | D:2      | Reached skill level 1 in Translocations
  1987 | D:2      | Reached XP level 5. HP: 24/28 MP: 1/13
  2103 | D:2      | Noticed Robin
  2843 | D:3      | Reached XP level 6. HP: 32/32 MP: 10/14
  3214 | D:3      | Found a glowing golden altar of the Shining One.
  3365 | D:4      | Reached skill level 5 in Spellcasting
  3486 | D:4      | Found a staircase to the Ecumenical Temple.
  3491 | Temple   | Entered the Ecumenical Temple
  3547 | Temple   | Became a worshipper of Vehumet
  3620 | D:4      | Found an ancient bone altar of Kikubaaqudgha.
  3787 | D:4      | Found a transporter.
  3931 | D:4      | Found a transporter.
  3933 | D:4      | Noticed Tribosh's ghost (amateur BaHu)
  4829 | D:4      | Reached * piety under Vehumet
  4829 | D:4      | Offered knowledge of Freeze by Vehumet.
  4837 | D:4      | Reached XP level 7. HP: 22/37 MP: 6/17
  5257 | D:5      | Entered Level 5 of the Dungeon
  5265 | D:5      | Reached skill level 6 in Spellcasting
  5442 | D:5      | Found a bloodstained altar of Trog.
  5967 | D:5      | Learned a level 4 spell: Fulminant Prism
  6109 | D:5      | Reached skill level 7 in Spellcasting
  6297 | D:5      | Reached XP level 8. HP: 42/42 MP: 14/20
  6330 | D:5      | Identified the ring "Warosomm" {+Blink AC+4}
  6546 | D:5      | Reached skill level 1 in Hexes
  6897 | D:5      | Offered knowledge of Static Discharge by Vehumet.
  7064 | D:6      | Noticed a manticore
  7068 | D:6      | Reached ** piety under Vehumet
  7074 | D:6      | Killed a manticore
  7075 | D:6      | Reached skill level 8 in Spellcasting
  7311 | D:6      | Identified the +2 cloak of Uskayaw's Esteem {rF+ rCorr
                  | Str+4}
  7650 | D:6      | Reached skill level 9 in Spellcasting
  7856 | D:6      | Reached XP level 9. HP: 30/46 MP: 15/24
  7964 | D:6      | Found a basalt altar of Yredelemnul.
  8095 | D:6      | Found a shimmering altar of Xom.
  8223 | D:6      | Reached skill level 5 in Translocations
  8433 | D:7      | Found a sand-covered staircase.
  8437 | Ossuary  | Entered an ossuary
  8644 | Ossuary  | Offered knowledge of Frozen Ramparts by Vehumet.
  8710 | Ossuary  | Gained mutation: You have supernaturally acute eyesight.
                  | (SInv) [potion of mutation]
  8710 | Ossuary  | Gained mutation: You have hidden genetic defects. [potion
                  | of mutation]
  8710 | Ossuary  | Gained mutation: You are clumsy. (Dex -2) [potion of
                  | mutation]
  8710 | Ossuary  | Gained mutation: Your muscles are strong. (Str +4, Int/Dex
                  | -1) [potion of mutation]
  8730 | Ossuary  | Lost mutation: You have hidden genetic defects. [potion of
                  | mutation]
  8730 | Ossuary  | Lost mutation: You are clumsy. (Dex -2) [potion of
                  | mutation]
  8730 | Ossuary  | Gained mutation: You are robust. (+10% HP) [potion of
                  | mutation]
  8920 | D:7      | Identified the +7 spear "Uci Iny" {venom, Str+3}
  9489 | D:7      | Reached *** piety under Vehumet
  9490 | D:7      | Reached skill level 10 in Spellcasting
  9490 | D:7      | Reached skill level 10 in Conjurations
  9586 | D:7      | Learned a level 3 spell: Stone Arrow
  9752 | D:7      | Noticed Menkaure
  9758 | D:7      | Killed Menkaure
  9954 | D:8      | Reached skill level 1 in Fighting
  9954 | D:8      | Reached skill level 1 in Earth Magic
 10185 | D:8      | Found a broken altar of Ashenzari.
 10243 | D:8      | Noticed a manticore
 10421 | D:8      | Killed a manticore
 10422 | D:8      | Reached skill level 11 in Spellcasting
 10422 | D:8      | Reached XP level 10. HP: 49/57 MP: 15/27
 10471 | D:8      | Learned a level 8 spell: Lehudib's Crystal Spear
 10539 | D:8      | Noticed a two-headed ogre
 10546 | D:8      | Killed a two-headed ogre
 10546 | D:8      | Offered knowledge of Inner Flame by Vehumet.
 10594 | D:8      | Learned a level 3 spell: Inner Flame
 10943 | D:8      | Reached skill level 12 in Spellcasting
 11208 | D:8      | Noticed a four-headed hydra
 11215 | D:8      | Killed a four-headed hydra
 11222 | D:8      | Reached **** piety under Vehumet
 11498 | D:8      | Offered knowledge of Freezing Cloud by Vehumet.
 11631 | D:8      | Reached XP level 11. HP: 55/63 MP: 2/29
 12162 | D:9      | Identified the +10 sling "Vyepn" {vorpal, Int+2}
 12221 | D:9      | Reached skill level 5 in Earth Magic
 12367 | D:9      | Noticed a death yak
 12367 | D:9      | Noticed a death yak
 12367 | D:9      | Noticed a death yak
 12678 | D:8      | Killed a death yak
 12679 | D:8      | Reached skill level 13 in Spellcasting
 13251 | D:9      | Reached ***** piety under Vehumet
 13303 | D:9      | Found a staircase to the Orcish Mines.
 13538 | D:9      | Offered knowledge of Iron Shot by Vehumet.
 13546 | D:9      | Learned a level 6 spell: Iron Shot
 13621 | D:9      | Killed a death yak
 14031 | D:9      | Killed a death yak
 14201 | D:9      | Found a staircase to the Lair.
 14281 | D:9      | Found a runed translucent gate.
 14281 | D:9      | Found a runed translucent gate.
 14282 | D:9      | Found a runed translucent gate.
 14284 | D:9      | Found an opulent altar of Gozag.
 14298 | D:9      | Noticed Maurice
 14307 | D:9      | Killed Maurice
 14424 | D:9      | Noticed eyesofgods1's ghost (novice DsGl)
 14787 | D:4      | Killed Tribosh's ghost
 14790 | D:4      | Reached skill level 14 in Spellcasting
 15018 | D:10     | Entered Level 10 of the Dungeon
 15301 | D:10     | Reached XP level 12. HP: 50/73 MP: 21/32
 16683 | D:11     | Noticed a centaur warrior
 16758 | D:11     | Killed a centaur warrior
 16930 | D:9      | Killed eyesofgods1's ghost
 16931 | D:9      | Reached skill level 15 in Spellcasting
 17129 | D:11     | Noticed a boulder beetle
 17144 | D:11     | Killed a boulder beetle
 17529 | D:11     | You fall into a shaft and drop 1 floor!
 17556 | D:12     | Offered knowledge of Yara's Violent Unravelling by Vehumet.
 17559 | D:12     | Reached skill level 5 in Fighting
 17710 | D:12     | Found a gate leading to a gauntlet.
 18051 | D:11     | Noticed a boulder beetle
 18067 | D:11     | Killed a boulder beetle
 18767 | D:12     | Noticed Fannar
 18774 | D:12     | Killed Fannar
 19381 | D:13     | Noticed a centaur warrior
 19613 | D:13     | Reached skill level 16 in Spellcasting
 19620 | D:13     | Noticed a boulder beetle
 19851 | D:13     | Reached skill level 1 in Fire Magic
 19896 | D:13     | Learned a level 5 spell: Fireball
 20004 | D:13     | Killed a centaur warrior
 20089 | D:13     | Mangled by a boulder beetle

Illustrated notes

Levels and vault maps discovered:
D:1:      psy_arrival_conway, layout_basic, minivault_4
D:2:      minmay_inner_zag, layout_basic, shapermc_ecumenical_altar_acropolis,
          item_on_display_a, uniq_jessica, uniq_sigmund, uniq_robin
D:3:      layout_loops_ring, tso_altar
D:4:      kennysheep_kobold_camp, layout_basic,
          nicolae_kikubaaqudgha_miasma_corner, minmay_temple_entry_glassed_door,
          gammafunk_ghost_mausoleum
D:5:      minmay_octagon_keep, layout_basic, trog_ov_bears_minmay
D:6:      layout_basic, xom_butterflies, marbit_many_paths
D:7:      layout_loops_corners, enter_ossuary_5, uniq_menkaure
D:8:      cheibrodos_fertilizer, layout_basic, ashenzari_conservatory_becter,
          minmay_misc_feat_enclosed, minmay_pinched_square
D:9:      layout_irregular_city, dpeg_lair_monsters,
          kennysheep_orc_monster_closet_entryway, ebering_ghost_gozag,
          uniq_maurice
D:10:     layout_cave_pools
D:11:     layout_basic, roderic_batcave, kennysheep_generic_room_5
D:12:     layout_basic, gauntlet_entry_generic, uniq_fannar
D:13:     layout_basic, portal_ice_cave_demonic_guard, enter_trove_0
Temple:   kb_temple_of_zot

Skill      XL: |  1  2  3  4  5  6  7  8  9 10 11 12 |
---------------+-------------------------------------+-----
Conjurations   | 5 7 8 9 10 12 13 14 | 14.1
Spellcasting   | 4 5 7 9 11 12 14 16 | 16.1
Translocations | 1 2 3 4 6 7 |  7.0
Hexes          | 3 4 |  4.5
Fighting       | 1 2 4 5 |  5.8
Earth Magic    | 2 4 7 9 |  9.5
Fire Magic     | 1 |  1.0
Staves         | |  0.6
Dodging        | |  2.4
Stealth        | |  2.4

Action                   |  1- 3 |  4- 6 |  7- 9 | 10-12 || total
-------------------------+-------+-------+-------+-------++-------
Melee: Staff             |       |     5 |     3 |       ||     8
 Cast: Magic Dart        |    37 |   125 |   280 |   239 ||   681
       Searing Ray       |     1 |     5 |    25 |    13 ||    44
       Iskenderun's Myst |       |     1 |    19 |    43 ||    63
       Stone Arrow       |       |       |     6 |   100 ||   106
       Fulminant Prism   |       |       |       |    11 ||    11
       Iron Shot         |       |       |       |    54 ||    54
       Inner Flame       |       |       |       |     4 ||     4
       Fireball          |       |       |       |     4 ||     4
Evoke: Piece from Xom's  |       |       |       |     1 ||     1
       Wand              |       |       |       |     3 ||     3
  Use: Scroll            |       |     3 |     5 |    12 ||    20
       Potion            |       |     2 |     2 |       ||     4
 Stab: Sleeping          |       |       |     1 |       ||     1
Armor: Robe              |       |     7 |    37 |    50 ||    94
Dodge: Dodged            |     1 |    23 |    67 |    56 ||   147

Table legend: (Time is in decaauts)
 A = Elapsed time spent in this place.
 B = Non-inter-level travel time spent in this place.
 C = Inter-level travel time spent in this place.
 D = Time resting spent in this place.
 E = Time spent auto-exploring this place.
 F = Levels seen in this place.
 G = Mean time per level.
                   A        B        C        D        E       F      G
               +--------+--------+--------+--------+--------+-----+--------+
         Total |  20114 |  19135 |    979 |   7208 |   9662 |  15 | 1340.9 |
       Dungeon |  19593 |  18630 |    963 |   7072 |   9429 |  13 | 1507.2 |
        Temple |    110 |     94 |     16 |      0 |     76 |   1 |  110.0 |
       Ossuary |    410 |    410 |      0 |    136 |    157 |   1 |  410.0 |
               +--------+--------+--------+--------+--------+-----+--------+

Top non-repeatable levels by time:
     D:8: 2541 daAuts
     D:9: 2455 daAuts
     D:4: 2156 daAuts
     D:5: 1795 daAuts
    D:11: 1626 daAuts
     D:2: 1531 daAuts
     D:7: 1453 daAuts
    D:10: 1267 daAuts
    D:12: 1263 daAuts
     D:6: 1245 daAuts
     D:1: 961 daAuts
     D:3: 780 daAuts
    D:13: 513 daAuts
 Ossuary: 410 daAuts
  Temple: 110 daAuts
